TOP OF THE 1ST |
Houston Marshals batting - Pitching for Springfield Stars : LHP José López
|
Pitching: LHP José López
|
|
Batting: RHB Alberto Velásquez
|
0-0: Ball 1-0: Called Strike 1-1: SINGLE (Groundball, 6MD)
|
Batting: SHB Ramón Lugo
|
0-0: Called Strike 0-1: Ball 1-1: Ball 2-1: Called Strike 2-2: Strikes out looking
|
Batting: RHB Chris Parker
|
0-0: Ball 1-0: Foul Ball, location: 2F 1-1: Grounds into double play, 1-6-3 (Groundball, 13)
|
Top of the 1st over - 0 run(s), 1 hit(s), 0 error(s), 0 left on base; Houston 0 - Springfield 0 |
BOTTOM OF THE 1ST |
Springfield Stars batting - Pitching for Houston Marshals : RHP Ron Scott
|
Pitching: RHP Ron Scott
|
|
Batting: RHB Juan Rodríguez
|
0-0: Ground out 5-3 (Groundball, 5L)
|
Batting: RHB Calvin Bennett
|
0-0: Ball 1-0: Foul Ball, location: 2F 1-1: Called Strike 1-2: Foul Ball, location: 2F 1-2: Foul Ball, location: 2F 1-2: Ball 2-2: Ball 3-2: Base on Balls
|
Batting: LHB Derek Davidson
|
0-0: Fly out, F6 (Line Drive, 56)
|
Batting: LHB Felipe Guerrero
|
0-0: Called Strike Calvin Bennett steals 2nd base 0-1: Called Strike 0-2: Ball 1-2: Ball Wild Pitch! Calvin Bennett to third 2-2: Ground out 4-3 (Groundball, 4S)
|
Bottom of the 1st over - 0 run(s), 0 hit(s), 0 error(s), 1 left on base; Houston 0 - Springfield 0 |
TOP OF THE 2ND |
Houston Marshals batting - Pitching for Springfield Stars : LHP José López
|
Batting: LHB José Rodríguez
|
0-0: SINGLE (Groundball, 4D)
|
Batting: LHB Lewis Barr
|
0-0: Ball 1-0: Swinging Strike 1-1: Foul Ball, location: 2F 1-2: Foul Ball, location: 2F 1-2: Ball 2-2: SINGLE (Line Drive, 89S) José Rodríguez to second
|
Batting: LHB John Peterson
|
0-0: Called Strike 0-1: Swinging Strike 0-2: Foul Ball, location: 2F 0-2: Ball 1-2: Foul Ball, location: 2F 1-2: Foul Ball, location: 2F 1-2: Ball 2-2: Ball 3-2: Strikes out swinging
|
Batting: LHB Kent MacDulothe
|
0-0: Foul Ball, location: 2F 0-1: Foul Ball, location: 2F 0-2: Ball 1-2: Strikes out swinging
|
Batting: RHB Gregg Nelson
|
0-0: Ball 1-0: Swinging Strike 1-1: Foul Ball, location: 2F 1-2: Ball 2-2: Ball 3-2: Base on Balls José Rodríguez to third Lewis Barr to second
|
Batting: RHB Gustavo Díaz
|
0-0: Called Strike 0-1: Ball 1-1: Fly out, F4 (Line Drive, 4)
|
Top of the 2nd over - 0 run(s), 2 hit(s), 0 error(s), 3 left on base; Houston 0 - Springfield 0 |
BOTTOM OF THE 2ND |
Springfield Stars batting - Pitching for Houston Marshals : RHP Ron Scott
|
Batting: LHB Elliott Newell
|
0-0: Ball 1-0: Ball 2-0: Ground out U3 (Groundball, 34S)
|
Batting: SHB Shane Hutchinson
|
0-0: Fly out, F9 (Flyball, 89M)
|
Batting: LHB Jesús Tobías
|
0-0: Foul Ball, location: 2F 0-1: Ball 1-1: Called Strike 1-2: Ball 2-2: Ground out 5-3 (Groundball, 56)
|
Bottom of the 2nd over - 0 run(s), 0 hit(s), 0 error(s), 0 left on base; Houston 0 - Springfield 0 |
TOP OF THE 3RD |
Houston Marshals batting - Pitching for Springfield Stars : LHP José López
|
Batting: RHB Alberto Velásquez
|
0-0: Ball 1-0: Ball 2-0: Called Strike 2-1: Bunt for hit - play at first, batter OUT! 2-3
|
Batting: SHB Ramón Lugo
|
0-0: Foul Ball, location: 2F 0-1: Foul Ball, location: 2F 0-2: Ball 1-2: Foul Ball, location: 2F 1-2: SINGLE (Groundball, 4MD)
|
Batting: RHB Chris Parker
|
0-0: Ball 1-0: Called Strike 1-1: Ball 2-1: Foul Ball, location: 2F 2-2: Ball 3-2: Foul Ball, location: 2F 3-2: Fly out, F9 (Flyball, 9S)
|
Batting: LHB José Rodríguez
|
0-0: Ball 1-0: Swinging Strike 1-1: Foul Ball, location: 2F 1-2: Ball 2-2: Ball 3-2: Strikes out swinging
|
Top of the 3rd over - 0 run(s), 1 hit(s), 0 error(s), 1 left on base; Houston 0 - Springfield 0 |
BOTTOM OF THE 3RD |
Springfield Stars batting - Pitching for Houston Marshals : RHP Ron Scott
|
Batting: SHB Giancarlo Giannini
|
0-0: SINGLE (Line Drive, 6D)
|
Batting: RHB Will Sterling
|
0-0: Ball 1-0: Grounds into double play, 6-4-3 (Groundball, 6)
|
Batting: RHB Juan Rodríguez
|
0-0: Ball 1-0: Ball 2-0: SINGLE (Line Drive, 7LS)
|
Batting: RHB Calvin Bennett
|
0-0: Ball 1-0: SINGLE (Groundball, 4MD) Juan Rodríguez to second Runner from 2nd tries for 3rd, SAFE, throw made to third Calvin Bennett to second
|
Batting: LHB Derek Davidson
|
0-0: Ball 1-0: Ball 2-0: Called Strike 2-1: Ball 3-1: Foul Ball, location: 2F 3-2: Fly out, F9 (Flyball, 89M)
|
Bottom of the 3rd over - 0 run(s), 3 hit(s), 0 error(s), 2 left on base; Houston 0 - Springfield 0 |
TOP OF THE 4TH |
Houston Marshals batting - Pitching for Springfield Stars : LHP José López
|
Batting: LHB Lewis Barr
|
0-0: Swinging Strike 0-1: Called Strike 0-2: Ball 1-2: Strikes out swinging
|
Batting: LHB John Peterson
|
0-0: Ball 1-0: Swinging Strike 1-1: Foul Ball, location: 2F 1-2: Foul Ball, location: 2F 1-2: Foul Ball, location: 2F 1-2: Ball 2-2: Ball 3-2: Strikes out swinging
|
Batting: LHB Kent MacDulothe
|
0-0: Called Strike 0-1: Ball 1-1: Ball 2-1: Called Strike 2-2: Strikes out swinging
|
Top of the 4th over - 0 run(s), 0 hit(s), 0 error(s), 0 left on base; Houston 0 - Springfield 0 |
BOTTOM OF THE 4TH |
Springfield Stars batting - Pitching for Houston Marshals : RHP Ron Scott
|
Batting: LHB Felipe Guerrero
|
0-0: Foul Ball, location: 2F 0-1: Ball 1-1: Called Strike 1-2: Ball 2-2: Foul Ball, location: 2F 2-2: Strikes out looking
|
Batting: LHB Elliott Newell
|
0-0: Ball 1-0: Foul Ball, location: 2F 1-1: Foul Ball, location: 2F 1-2: Ball 2-2: SOLO HOME RUN (Flyball, 89XD), Distance : 404 ft
|
Batting: SHB Shane Hutchinson
|
0-0: Swinging Strike 0-1: Ball 1-1: Swinging Strike 1-2: Ball 2-2: Foul Ball, location: 2F 2-2: Fly out, F7 (Flyball, 7S)
|
Batting: LHB Jesús Tobías
|
0-0: SINGLE (Flyball, 8RS)
|
Batting: SHB Giancarlo Giannini
|
0-0: Foul Ball, location: 2F 0-1: Ball 1-1: Ball 2-1: Called Strike 2-2: Ground out 1-3 (Groundball, 15S)
|
Bottom of the 4th over - 1 run(s), 2 hit(s), 0 error(s), 1 left on base; Houston 0 - Springfield 1 |
TOP OF THE 5TH |
Houston Marshals batting - Pitching for Springfield Stars : LHP José López
|
Batting: RHB Gregg Nelson
|
0-0: Called Strike 0-1: Ball 1-1: Ball 2-1: Foul Ball, location: 2F 2-2: Ball 3-2: Foul Ball, location: 2F 3-2: Fly out, F1 (Line Drive, 13)
|
Batting: RHB Gustavo Díaz
|
0-0: Called Strike 0-1: Called Strike 0-2: Fly out, F8 (Flyball, 78D)
|
Batting: RHB Alberto Velásquez
|
0-0: Swinging Strike 0-1: Called Strike 0-2: Ball 1-2: Ball 2-2: Ball 3-2: Fly out, F9 (Flyball, 89XD)
|
Top of the 5th over - 0 run(s), 0 hit(s), 0 error(s), 0 left on base; Houston 0 - Springfield 1 |
BOTTOM OF THE 5TH |
Springfield Stars batting - Pitching for Houston Marshals : RHP Ron Scott
|
Batting: RHB Will Sterling
|
0-0: Ball 1-0: Reached on error, E6 (Groundball, 6)
|
Batting: RHB Juan Rodríguez
|
0-0: Called Strike 0-1: Ball 1-1: Ball 2-1: Ball 3-1: Fly out, F8 (Flyball, 78S)
|
Batting: RHB Calvin Bennett
|
0-0: Ball 1-0: Grounds into double play, 6-4-3 (Groundball, 6)
|
Bottom of the 5th over - 0 run(s), 0 hit(s), 1 error(s), 0 left on base; Houston 0 - Springfield 1 |
TOP OF THE 6TH |
Houston Marshals batting - Pitching for Springfield Stars : LHP José López
|
Now in RF: Richard Bankhead
|
|
Batting: SHB Ramón Lugo
|
0-0: Foul Ball, location: 2F 0-1: Foul Ball, location: 2F 0-2: Ball 1-2: Foul Ball, location: 2F 1-2: Foul Ball, location: 2F 1-2: Strikes out swinging
|
Batting: RHB Chris Parker
|
0-0: Ball 1-0: Called Strike 1-1: Ground out 5-3 (Groundball, 5S)
|
Batting: LHB José Rodríguez
|
0-0: Foul Ball, location: 2F 0-1: Foul Ball, location: 2F 0-2: Ball 1-2: Ball 2-2: Ball 3-2: Strikes out looking
|
Top of the 6th over - 0 run(s), 0 hit(s), 0 error(s), 0 left on base; Houston 0 - Springfield 1 |
BOTTOM OF THE 6TH |
Springfield Stars batting - Pitching for Houston Marshals : RHP Ron Scott
|
Batting: RHB Richard Bankhead
|
0-0: Fly out, F7 (Flyball, 7S)
|
Batting: LHB Felipe Guerrero
|
0-0: Ball 1-0: Foul Ball, location: 2F 1-1: Foul Ball, location: 2F 1-2: Foul Ball, location: 2F 1-2: Ball 2-2: Ball 3-2: Ground out 6-3 (Groundball, 6)
|
Batting: LHB Elliott Newell
|
0-0: Foul Ball, location: 2F 0-1: Swinging Strike 0-2: Strikes out swinging
|
Bottom of the 6th over - 0 run(s), 0 hit(s), 0 error(s), 0 left on base; Houston 0 - Springfield 1 |
TOP OF THE 7TH |
Houston Marshals batting - Pitching for Springfield Stars : LHP José López
|
Batting: LHB Lewis Barr
|
0-0: Ball 1-0: Called Strike 1-1: Foul Ball, location: 2F 1-2: Strikes out swinging
|
Batting: LHB John Peterson
|
0-0: Called Strike 0-1: Ball 1-1: Ball 2-1: Foul Ball, location: 2F 2-2: Foul Ball, location: 2F 2-2: Foul Ball, location: 2F 2-2: DOUBLE (Line Drive, 89M)
|
Pitching: RHP Luis Cortéz
|
|
Batting: LHB Kent MacDulothe
|
0-0: Ball 1-0: Ball 2-0: Foul Ball, location: 2F 2-1: Ball 3-1: Swinging Strike 3-2: Foul Ball, location: 2F 3-2: Foul Ball, location: 2F 3-2: Base on Balls
|
Batting: RHB Gregg Nelson
|
0-0: Ball John Peterson is caught stealing 3rd base Kent MacDulothe to second 1-0: Called Strike 1-1: Ball 2-1: Foul Ball, location: 2F 2-2: Foul Ball, location: 2F 2-2: Ball 3-2: Foul Ball, location: 2F 3-2: Foul Ball, location: 2F 3-2: Ground out 5-3 (Groundball, 5S)
|
Top of the 7th over - 0 run(s), 1 hit(s), 0 error(s), 1 left on base; Houston 0 - Springfield 1 |
BOTTOM OF THE 7TH |
Springfield Stars batting - Pitching for Houston Marshals : RHP Ron Scott
|
Batting: SHB Shane Hutchinson
|
0-0: Foul Ball, location: 2F 0-1: Fly out, F4 (Popup, 34)
|
Batting: LHB Jesús Tobías
|
0-0: Called Strike 0-1: Foul Ball, location: 2F 0-2: Ball 1-2: SINGLE (Line Drive, 9LS)
|
Batting: SHB Giancarlo Giannini
|
0-0: Ball Jesús Tobías is caught stealing 2nd base 1-0: Fly out, F3 (Line Drive, 34)
|
Bottom of the 7th over - 0 run(s), 1 hit(s), 0 error(s), 0 left on base; Houston 0 - Springfield 1 |
TOP OF THE 8TH |
Houston Marshals batting - Pitching for Springfield Stars : RHP Luis Cortéz
|
Now at SS: Dave Henderson
|
|
Batting: RHB Gustavo Díaz
|
0-0: Swinging Strike 0-1: Ball 1-1: Swinging Strike 1-2: Strikes out swinging
|
Batting: RHB Alberto Velásquez
|
0-0: Ground out U3 (Groundball, 3)
|
Batting: SHB Ramón Lugo
|
0-0: Ball 1-0: Foul Ball, location: 2F 1-1: Ball 2-1: Ball 3-1: Swinging Strike 3-2: Ground out 5-3 (Groundball, 56S)
|
Top of the 8th over - 0 run(s), 0 hit(s), 0 error(s), 0 left on base; Houston 0 - Springfield 1 |
BOTTOM OF THE 8TH |
Springfield Stars batting - Pitching for Houston Marshals : RHP Ron Scott
|
Batting: RHB Will Sterling
|
0-0: Ball 1-0: Called Strike 1-1: Foul Ball, location: 2F 1-2: Foul Ball, location: 2F 1-2: Strikes out swinging
|
Batting: RHB Juan Rodríguez
|
0-0: Ball 1-0: Ground out 4-3 (Groundball, 4)
|
Batting: RHB Calvin Bennett
|
0-0: Called Strike 0-1: Foul Ball, location: 2F 0-2: Ball 1-2: Ball 2-2: Foul Ball, location: 2F 2-2: Ball 3-2: TRIPLE (Line Drive, 3L)
|
Pitching: LHP Alfonso Ramos
|
|
Batting: RHB Richard Bankhead
|
0-0: Swinging Strike 0-1: Ground out U3 (Groundball, 34)
|
Bottom of the 8th over - 0 run(s), 1 hit(s), 0 error(s), 1 left on base; Houston 0 - Springfield 1 |
TOP OF THE 9TH |
Houston Marshals batting - Pitching for Springfield Stars : RHP Luis Cortéz
|
Pitching: RHP José Valdéz
|
|
Batting: RHB Chris Parker
|
0-0: Called Strike 0-1: Ball 1-1: Called Strike 1-2: Strikes out swinging
|
Batting: LHB José Rodríguez
|
0-0: Ball 1-0: Called Strike 1-1: Ball 2-1: Ball 3-1: SINGLE (Groundball, 4MD)
|
Batting: LHB Lewis Barr
|
0-0: Grounds into double play, 1-6-3 (Groundball, P)
|
Top of the 9th over - 0 run(s), 1 hit(s), 0 error(s), 0 left on base; Houston 0 - Springfield 1 |
|